 Dungeon Crawl Stone Soup version 0.23.2-33-g5129a83184 (webtiles) character file.

Game seed: 9145326652901453170

100 DildoBatman the Conjurer (level 5, -6/35 HPs)
             Began as a Formicid Wizard on July 10, 2019.
             Was an Initiate of Kikubaaqudgha.
             Killed by divine providence
             ... invoked by an orc priest
              (13 damage)
             ... on level 3 of the Dungeon.
             The game lasted 00:08:20 (2235 turns).

DildoBatman the Conjurer (Formicid Wizard)          Turns: 2235, Time: 00:08:21

Health: -6/35      AC:  3    Str: 11    XL:     5   Next: 3%
Magic:  1/9        EV: 12    Int: 19    God:    Kikubaaqudgha [......]
Gold:   91         SH:  0    Dex:  9    Spells: 3/10 levels left

rFire    . . .     SeeInvis +   b - +0 hunting sling
rCold    . . .     Gourm    .   (no shield)
rNeg     . . .     Faith    .   d - +0 robe
rPois    .         Spirit   .   (helmet unavailable)
rElec    .         Reflect  .   (no cloak)
rCorr    .         Harm     .   (no gloves)
MR       .....                  m - +0 pair of boots (curse)
Stlth    ++........             (no amulet)
HPRegen  0.11/turn              (no ring)
MPRegen  0.11/turn              (no ring)

@: very slightly contaminated
A: permanent stasis, dig shafts and tunnels, four strong arms, antennae 3
a: Dig, Shaft Self, Renounce Religion


You were on level 3 of the Dungeon.
You worshipped Kikubaaqudgha.
Kikubaaqudgha was noncommittal.
You were hungry.

You visited 1 branch of the dungeon, and saw 3 of its levels.

You collected 91 gold pieces.

Inventory:

Hand Weapons
 a - a +0 club
 b - a +0 hunting sling (weapon)
 r - a +1 spear of piercing
Missiles
 h - 25 arrows
 q - 19 sling bullets
 s - 124 stones (quivered)
 x - 18 bolts
Armour
 d - a +0 robe (worn)
 m - a cursed +0 pair of boots (worn)
Scrolls
 e - a scroll of enchant armour {unknown}
 j - a scroll of amnesia {unknown}
 k - 6 scrolls of identify {unknown}
 l - 2 scrolls of noise {unknown}
 n - 4 scrolls of remove curse {unknown}
 o - a scroll of blinking {unknown}
 w - a scroll of random uselessness {unknown}
 y - a scroll of magic mapping {unknown}
Potions
 c - a potion of degeneration {unknown}
 f - 2 potions of agility {unknown}
 g - 3 potions of haste {unknown}
 i - 2 potions of flight {unknown}
 p - 2 potions of curing {unknown}
 t - a potion of invisibility {unknown}
Comestibles
 u - 2 chunks of flesh
 v - 3 rations


   Skills:
 - Level 1.7 Dodging
 - Level 2.4 Stealth
 - Level 3.2 Spellcasting
 * Level 4.0 Conjurations
   Level 1.0 Summonings
   Level 0.8 Translocations


You had 3 spell levels left.
You knew the following spells:

 Your Spells              Type           Power        Failure   Level  Hunger
a - Conjure Flame         Conj/Fire      ##......     19%         3    ###....
c - Magic Dart            Conj           ###.         2%          1    None
e - Mephitic Cloud        Conj/Pois/Air  #.......     26%         3    ###....

Your spell library contained the following spells:

 Spells                   Type           Power        Failure   Level  Hunger
 Confusing Touch          Hex            #.....       16%         1    None
 Call Imp                 Summ           #.......     16%         2    ##.....
 Slow                     Hex            #.......     22%         2    ##.....
 Gell's Gravitas          Tloc           #.........   30%         3    ###....
 Confuse                  Hex            #.......     41%         3    ###....
 Petrify                  Tmut/Erth      #.......     83%         4    ####...
 Metabolic Englaciation   Hex/Ice        #.........   99%         5    ######.
 Yara's Violent Unravell  Hex/Tmut       #.........   99%         5    ######.
 Blink                    Tloc           Unusable     N/A         2    N/A

Dungeon Overview and Level Annotations

Branches:
Dungeon (3/15)

Altars:
Kikubaaqudgha
Okawaru
Wu Jian
Xom
Zin


Innate Abilities, Weirdness & Mutations

You cannot be hasted, slowed, berserked, paralysed or teleported.
You can dig through walls and to a lower floor.
Your four strong arms can wield two-handed weapons with a shield.
You have a pair of large antennae on your head. (SInv)


Message History

You dig through the rock wall.
You dig through the rock wall.
You dig through the rock wall.
You dig through the rock wall.
You hear a shout!
You retract your mandibles.
You extend your mandibles.
You dig through the rock wall.
You are feeling hungry.
Casting: Mephitic Cloud (safe; 26% risk of failure)
Confirm with . or Enter, or press ? or * to list all spells.
Aiming: Mephitic Cloud (safe; 26% risk of failure)
Press: ? - help, Shift-Dir - straight line, f/p - orc priest
Aim: an orc priest You miscast Mephitic Cloud.
You feel a strange surge of energy!
The orc priest invokes the aid of Beogh against you.
Beogh smites you!
You die...
Kikubaaqudgha rasps: "You have failed me!
Welcome... death!"

#.####{##.......######
#.###.....## # #.#
#...## # #.# #.## #
#.#####.# # #
#.......# #
##.###.####..# #
#......####..# #
#..##@##.##..#########
# {#..#.#.#...........
###o###.........#..
#......o...#######.#..
#.########## #.....
#.>.#. #...#. #...#.
#.....


You could see an orc priest and an orc.

Vanquished Creatures
  5 adders
  2 dart slugs
  2 worms
  2 orcs (D:3)
  3 bats
  5 giant cockroaches
  2 goblins
  6 hobgoblins
  4 kobolds
  3 quokkas
  3 frilled lizards
  9 rats
46 creatures vanquished.

Notes
Turn   | Place    | Note
-------+----------+-------------------------------------------
     0 | D:1      | DildoBatman the Formicid Wizard began the quest for the
                  | Orb.
     0 | D:1      | Reached XP level 1. HP: 13/13 MP: 4/4
   122 | D:1      | Reached skill level 1 in Conjurations
   312 | D:1      | Reached XP level 2. HP: 19/19 MP: 4/6
   416 | D:1      | Reached skill level 2 in Conjurations
   965 | D:2      | Reached XP level 3. HP: 24/24 MP: 0/7
  1137 | D:2      | Learned a level 3 spell: Conjure Flame
  1141 | D:2      | Learned a level 3 spell: Mephitic Cloud
  1188 | D:2      | Found a glowing silver altar of Zin.
  1380 | D:2      | Found an ancient bone altar of Kikubaaqudgha.
  1417 | D:2      | Became a worshipper of Kikubaaqudgha
  1509 | D:2      | Reached skill level 3 in Conjurations
  1590 | D:2      | Reached XP level 4. HP: 9/30 MP: 6/8
  1733 | D:2      | Found a shimmering altar of Xom.
  1733 | D:2      | Found an ornate altar of the Wu Jian Council.
  1814 | D:2      | Found an iron altar of Okawaru.
  2197 | D:3      | Reached skill level 4 in Conjurations
  2197 | D:3      | Reached XP level 5. HP: 19/35 MP: 3/9
  2235 | D:3      | Killed from afar by an orc priest

Skill      XL: |  1  2  3  4 |
---------------+-------------+-----
Conjurations   | 1 2 3 4 |  4.0
Dodging        | |  1.7
Stealth        | |  2.4
Spellcasting   | |  3.2
Summonings     | |  1.0
Translocations | |  0.8

Action                   |  1- 3 |  4- 6 || total
-------------------------+-------+-------++-------
Melee: Club              |     4 |       ||     4
       Hunting sling     |     2 |       ||     2
 Fire: Hunting sling     |    22 |    41 ||    63
Throw: Stone             |    11 |       ||    11
 Cast: Magic Dart        |    75 |    31 ||   106
       Mephitic Cloud    |     1 |     3 ||     4
 Abil: Dig               |     5 |     6 ||    11
  Eat: Chunk             |     2 |     3 ||     5
Armor: Robe              |    12 |    12 ||    24
Dodge: Dodged            |    51 |    35 ||    86
